General information
- name: BNet
- type: Ladder team game (AT/RT)
- host: Battle.net
- saver: VELOX_NEB
map: Highperch
- players: 6
- length: 1631:45
- speed: Fast
- version: 1.21 W3XP
- replay type: Public
» download(2581 KB)
Players
team 1 (winner)

»
Commando (
teal | 30 APM | 2144 actions | 70:31)
5 Priestess of the Moon
3 Searing Arrows
2 Trueshot Aura
» actions
| Assign group hotkey | 38 | |
| Basic commands | 29 | |
| Build / train | 88 | |
| Enter build submenu | 27 | |
| Enter hero's abilities submenu | 5 | |
| Remove unit from queue | 12 | |
| Right click | 1159 | |
| Select / deselect | 513 | |
| Select group hotkey | 197 | |
| Use ability | 76 | |
2144 total
» units
| Wisp | 24 | |
| Huntress | 4 | |
| Dryad | 10 | |
| Glaive Thrower | 2 | |
| Druid of the Talon | 7 | |
| Druid of the Claw | -1 | |
| Chimaera | 9 | |
55 total
» upgrades
| Strength of the Wild | 3 | |
| Reinforced Hides | 3 | |
| Strength of the Moon | 0 | |
| Abolish Magic | 1 | |
| Druid of the Talon Training | 2 | |
| Ultravision | 1 | |
| Well Spring | 1 | |
| Mark of the Talon | 1 | |
| Corrosive Breath | 1 | |
13 total
» buildings
| Altar of Elders | 1 | |
| Moon Well | 8 | |
| Ancient of War | 1 | |
| Hunter's Hall | 1 | |
| Tree of Ages | 1 | |
| Ancient of Lore | 2 | |
| Ancient of Wind | 1 | |
| Tree of Life | 3 | |
| Tree of Eternity | 1 | |
| Chimaera Roost | 4 | |
23 total
» build order
00:02 Altar of Elders
00:34 Moon Well
01:17 Ancient of War
01:33 Hunter's Hall
01:51 Moon Well
03:30 Tree of Ages
04:18 Moon Well
06:12 Ancient of Lore
06:16 Ancient of Lore
06:25 Moon Well
09:59 Moon Well
10:07 Moon Well
11:35 Ancient of Wind
12:09 Tree of Life
12:34 Moon Well
12:50 Tree of Eternity
19:27 Moon Well
27:17 Chimaera Roost
27:21 Chimaera Roost
27:25 Chimaera Roost
27:31 Chimaera Roost
40:12 Tree of Life
47:43 Tree of Life

»
De]s[ertRo]s[e (
green | 5 APM | 7512 actions | 1631:45)
8 Mountain King
3 Storm Bolt
3 Bash
1 Avatar
1 Thunder Clap
2 Priestess of the Moon
1 Scout
1 Trueshot Aura
» actions
| Assign group hotkey | 35 | |
| Basic commands | 56 | |
| Build / train | 86 | |
| Enter build submenu | 38 | |
| Enter hero's abilities submenu | 10 | |
| Give item / drop item | 8 | |
| Remove unit from queue | 4 | |
| Right click | 4640 | |
| Select / deselect | 2158 | |
| Select group hotkey | 95 | |
| Use ability | 382 | |
7512 total
» units
| Peasant | 16 | |
| Rifleman | 7 | |
| Siege Engine | 4 | |
| Dragonhawk Rider | 18 | |
| Gryphon Rider | 2 | |
47 total
» upgrades
| Gunpowder | 2 | |
| Barrage | 1 | |
| Cloud | 1 | |
| Armor | 2 | |
| Storm Hammers | 1 | |
| Backpack | 1 | |
8 total
» buildings
| Farm | 16 | |
| Altar of Kings | 1 | |
| Blacksmith | 1 | |
| Barracks | 1 | |
| Lumber Mill | 1 | |
| Scout Tower | 3 | |
| Arcane Tower | 1 | |
| Arcane Vault | 1 | |
| Guard Tower | 2 | |
| Keep | 1 | |
| Castle | 1 | |
| Workshop | 2 | |
| Gryphon Aviary | 3 | |
| Town Hall | 2 | |
36 total
» build order
00:16 Farm
00:28 Altar of Kings
00:59 Blacksmith
01:22 Barracks
01:52 Farm
02:10 Lumber Mill
02:19 Scout Tower
02:26 Farm
02:56 Arcane Tower
02:58 Scout Tower
03:48 Arcane Vault
04:16 Guard Tower
04:22 Farm
04:38 Keep
05:06 Farm
05:47 Scout Tower
06:23 Farm
06:24 Guard Tower
07:06 Castle
07:39 Workshop
07:48 Workshop
08:37 Farm
08:38 Farm
09:25 Farm
09:26 Farm
10:56 Gryphon Aviary
10:57 Gryphon Aviary
11:23 Gryphon Aviary
12:40 Farm
12:43 Farm
15:23 Farm
17:44 Farm
17:46 Farm
18:30 Farm
24:02 Town Hall
40:56 Town Hall
» items
| Scroll of Regeneration | 4 | |
| Lesser Clarity Potion | 1 | |
| Dust of Appearance | 2 | |
| Scroll of Healing | 1 | |
| Scroll of Protection | 1 | |
| Staff of Teleportation | 1 | |
10 total
wiggle_wit_it (
yellow | 41 APM | 2900 actions | 70:15)
6 Priestess of the Moon
3 Searing Arrows
2 Scout
1 Starfall
4 Keeper of the Grove
2 Entangling Roots
2 Thorns Aura
» actions
| Assign group hotkey | 106 | |
| Basic commands | 16 | |
| Build / train | 99 | |
| Enter build submenu | 22 | |
| Enter hero's abilities submenu | 14 | |
| Right click | 1330 | |
| Select / deselect | 521 | |
| Select group hotkey | 709 | |
| Use ability | 83 | |
2900 total
» units
| Wisp | 23 | |
| Huntress | 4 | |
| Druid of the Claw | 10 | |
| Chimaera | 16 | |
| Dryad | 1 | |
| Druid of the Talon | 9 | |
63 total
» upgrades
| Druid of the Claw Training | 2 | |
| Abolish Magic | 1 | |
| Druid of the Talon Training | 2 | |
| Mark of the Claw | 1 | |
| Reinforced Hides | 3 | |
| Corrosive Breath | 1 | |
| Strength of the Wild | 3 | |
| Mark of the Talon | 1 | |
| Ultravision | 1 | |
15 total
» buildings
| Altar of Elders | 1 | |
| Moon Well | 9 | |
| Hunter's Hall | 1 | |
| Ancient of War | 1 | |
| Ancient of Wonders | 1 | |
| Tree of Ages | 1 | |
| Ancient of Lore | 2 | |
| Tree of Eternity | 1 | |
| Ancient of Wind | 2 | |
| Tree of Life | 3 | |
| Chimaera Roost | 2 | |
24 total
» build order
00:16 Altar of Elders
00:20 Moon Well
01:22 Hunter's Hall
01:42 Ancient of War
02:10 Moon Well
02:44 Ancient of Wonders
03:15 Tree of Ages
04:05 Moon Well
05:53 Ancient of Lore
06:19 Tree of Eternity
06:38 Ancient of Lore
08:16 Ancient of Wind
10:26 Tree of Life
12:06 Moon Well
12:10 Moon Well
12:20 Moon Well
13:27 Chimaera Roost
13:34 Chimaera Roost
14:29 Moon Well
15:28 Moon Well
17:45 Moon Well
22:47 Tree of Life
27:15 Ancient of Wind
39:47 Tree of Life
» items
| Dust of Appearance | 1 | |
| Potion of Lesser Invulnerability | 2 | |
| Orb of Venom | 1 | |
| Potion of Mana | 1 | |
| Potion of Healing | 1 | |
| Staff of Teleportation | 1 | |
7 total
team 2 (loser)
fineX. (
blue | 12 APM | 3662 actions | 298:42)
4 Blademaster
3 Wind Walk
1 Critical Strike
1 Warden
1 Spirit of Vengeance
» actions
| Assign group hotkey | 148 | |
| Basic commands | 27 | |
| Build / train | 73 | |
| Enter build submenu | 67 | |
| Enter hero's abilities submenu | 10 | |
| Give item / drop item | 19 | |
| Right click | 1784 | |
| Select / deselect | 705 | |
| Select group hotkey | 485 | |
| Use ability | 344 | |
3662 total
» units
| Peon | 16 | |
| Troll Batrider | 4 | |
| Wisp | 4 | |
| Druid of the Talon | 22 | |
46 total
» upgrades
| Spiked Barricades | 1 | |
| Liquid Fire | 1 | |
2 total
» buildings
| Orc Burrow | 2 | |
| Altar of Storms | 1 | |
| War Mill | 2 | |
| Watch Tower | 44 | |
| Voodoo Lounge | 6 | |
| Tree of Ages | 2 | |
| Great Hall | 1 | |
| Stronghold | 1 | |
| Fortress | 1 | |
| Beastiary | 2 | |
| Moon Well | 4 | |
| Ancient of Wind | 2 | |
68 total
» build order
00:05 Orc Burrow
00:08 Altar of Storms
00:39 War Mill
02:08 Watch Tower
02:09 Watch Tower
02:26 Watch Tower
02:51 Watch Tower
03:10 Watch Tower
03:44 Watch Tower
03:59 Voodoo Lounge
04:03 Tree of Ages
04:17 Voodoo Lounge
04:53 Watch Tower
04:57 Watch Tower
05:26 Voodoo Lounge
05:30 Voodoo Lounge
05:36 Watch Tower
05:40 Watch Tower
05:53 Great Hall
05:55 Stronghold
06:55 Watch Tower
07:00 Watch Tower
08:00 Watch Tower
08:04 Watch Tower
08:30 Orc Burrow
09:08 Watch Tower
09:11 Watch Tower
10:00 Watch Tower
11:38 Fortress
11:43 Beastiary
11:46 Beastiary
17:35 Watch Tower
17:36 Watch Tower
17:37 Watch Tower
17:38 Watch Tower
18:44 Watch Tower
18:46 Watch Tower
18:50 Watch Tower
19:07 Watch Tower
20:15 Watch Tower
20:16 Watch Tower
20:18 Watch Tower
20:19 Watch Tower
20:29 Watch Tower
20:31 Watch Tower
20:35 Watch Tower
20:37 Watch Tower
20:43 Watch Tower
21:44 Voodoo Lounge
22:16 War Mill
22:23 Voodoo Lounge
23:47 Watch Tower
23:54 Watch Tower
24:00 Watch Tower
25:04 Watch Tower
25:14 Watch Tower
25:18 Watch Tower
26:17 Watch Tower
26:24 Watch Tower
26:29 Watch Tower
42:32 Moon Well
42:45 Moon Well
43:25 Tree of Ages
44:19 Moon Well
44:23 Moon Well
44:33 Watch Tower
46:00 Ancient of Wind
55:34 Ancient of Wind
» items
| Healing Salve | 1 | |
| Lesser Clarity Potion | 3 | |
| Scroll of Speed | 1 | |
| Staff of Teleportation | 2 | |
| Boots of Speed | 1 | |
| Orb of Lightning | 1 | |
| Potion of Healing | 1 | |
| Potion of Mana | 1 | |
| Tiny Great Hall | 1 | |
| Potion of Lesser Invulnerability | 1 | |
| Scroll of Town Portal | 1 | |
14 total
VELOX_NEB (
red | 6 APM | 9402 actions | 1631:45)
5 Archmage
3 Blizzard
2 Brilliance Aura
4 Warden
3 Blink
1 Shadow Strike
1 Blademaster
1 Bladestorm
» actions
| Assign group hotkey | 46 | |
| Basic commands | 469 | |
| Build / train | 199 | |
| ESC pressed | 7 | |
| Enter build submenu | 118 | |
| Enter hero's abilities submenu | 10 | |
| Give item / drop item | 6 | |
| Remove unit from queue | 12 | |
| Right click | 5003 | |
| Select / deselect | 1631 | |
| Select group hotkey | 1269 | |
| Use ability | 632 | |
9402 total
» units
| Peasant | 21 | |
| Druid of the Talon | 69 | |
| Wisp | 11 | |
| Dragonhawk Rider | 5 | |
| Gryphon Rider | 1 | |
107 total
» upgrades
| Masonry | 2 | |
| Lumber Harvesting | 1 | |
| Druid of the Talon Training | 2 | |
| Magic Sentry | 1 | |
| Mark of the Talon | 1 | |
| Animal War Training | 1 | |
| Armor | 1 | |
| Strength of the Wild | 1 | |
| Reinforced Hides | 1 | |
| Nature's Blessing | 1 | |
| Ultravision | 1 | |
13 total
» buildings
| Altar of Kings | 2 | |
| Lumber Mill | 4 | |
| Farm | 9 | |
| Scout Tower | 67 | |
| Guard Tower | 44 | |
| Arcane Vault | 2 | |
| Moon Well | 5 | |
| Keep | 1 | |
| Town Hall | 2 | |
| Tree of Eternity | 1 | |
| Ancient of Wind | 2 | |
| Arcane Sanctum | 1 | |
| Gryphon Aviary | 2 | |
| Castle | 1 | |
| Barracks | 1 | |
| Blacksmith | 1 | |
| Arcane Tower | 1 | |
| Altar of Elders | 1 | |
| Hunter's Hall | 1 | |
| Ancient Protector | 10 | |
158 total
» build order
00:07 Altar of Kings
00:13 Lumber Mill
00:20 Farm
00:34 Farm
02:09 Scout Tower
02:10 Scout Tower
02:27 Scout Tower
02:41 Guard Tower
02:43 Scout Tower
02:44 Scout Tower
02:46 Scout Tower
02:58 Scout Tower
03:00 Scout Tower
03:02 Scout Tower
03:17 Guard Tower
03:21 Scout Tower
03:30 Guard Tower
03:47 Scout Tower
03:50 Scout Tower
03:53 Scout Tower
04:22 Arcane Vault
04:30 Moon Well
04:33 Keep
04:42 Scout Tower
05:29 Town Hall
05:38 Keep
05:45 Scout Tower
05:47 Scout Tower
05:56 Scout Tower
06:22 Guard Tower
06:24 Town Hall
06:29 Farm
06:33 Tree of Eternity
06:44 Guard Tower
06:48 Scout Tower
06:57 Scout Tower
07:14 Moon Well
07:17 Guard Tower
07:30 Guard Tower
07:33 Scout Tower
07:48 Scout Tower
07:53 Farm
07:59 Ancient of Wind
08:17 Guard Tower
08:20 Scout Tower
08:30 Arcane Sanctum
08:34 Gryphon Aviary
08:36 Gryphon Aviary
08:45 Scout Tower
08:48 Scout Tower
08:49 Scout Tower
08:51 Scout Tower
08:56 Scout Tower
08:57 Scout Tower
09:03 Scout Tower
09:05 Guard Tower
09:10 Ancient of Wind
09:17 Guard Tower
09:59 Guard Tower
10:01 Guard Tower
10:10 Guard Tower
10:24 Guard Tower
11:04 Guard Tower
11:42 Castle
11:47 Farm
12:00 Scout Tower
12:02 Guard Tower
12:40 Guard Tower
12:43 Scout Tower
14:13 Farm
14:15 Farm
14:18 Farm
14:41 Guard Tower
15:20 Scout Tower
15:54 Barracks
15:57 Blacksmith
17:24 Arcane Vault
18:19 Moon Well
18:57 Scout Tower
18:59 Scout Tower
19:01 Scout Tower
19:02 Scout Tower
19:28 Scout Tower
19:31 Lumber Mill
19:34 Guard Tower
19:35 Guard Tower
19:56 Guard Tower
19:57 Guard Tower
20:01 Scout Tower
20:09 Scout Tower
20:27 Scout Tower
20:37 Scout Tower
20:39 Scout Tower
20:46 Lumber Mill
20:57 Lumber Mill
21:01 Scout Tower
21:03 Scout Tower
21:04 Guard Tower
21:07 Scout Tower
21:15 Scout Tower
21:19 Arcane Tower
21:25 Scout Tower
21:30 Scout Tower
22:15 Scout Tower
22:19 Guard Tower
22:20 Guard Tower
22:21 Guard Tower
22:22 Guard Tower
22:26 Guard Tower
22:28 Scout Tower
22:44 Guard Tower
22:49 Scout Tower
22:55 Scout Tower
22:58 Scout Tower
23:01 Scout Tower
23:10 Guard Tower
23:14 Scout Tower
23:28 Guard Tower
23:30 Guard Tower
23:33 Scout Tower
23:38 Scout Tower
24:16 Guard Tower
24:17 Guard Tower
24:21 Scout Tower
24:22 Guard Tower
24:26 Scout Tower
24:31 Guard Tower
24:42 Scout Tower
24:46 Scout Tower
24:51 Scout Tower
24:56 Scout Tower
25:11 Guard Tower
25:15 Scout Tower
25:51 Guard Tower
26:18 Guard Tower
26:24 Altar of Kings
26:25 Guard Tower
26:30 Scout Tower
27:24 Guard Tower
27:32 Scout Tower
27:33 Guard Tower
28:29 Guard Tower
28:32 Scout Tower
29:49 Guard Tower
38:14 Farm
51:10 Moon Well
56:11 Altar of Elders
56:13 Hunter's Hall
56:42 Moon Well
57:22 Ancient Protector
57:51 Ancient Protector
57:58 Ancient Protector
58:17 Ancient Protector
58:59 Ancient Protector
61:54 Ancient Protector
64:29 Ancient Protector
67:29 Ancient Protector
67:36 Ancient Protector
68:00 Ancient Protector
» items
| Healing Salve | 1 | |
| Boots of Speed | 1 | |
| Staff of Teleportation | 1 | |
| Potion of Lesser Invulnerability | 2 | |
| Mechanical Critter | 2 | |
| Scroll of Town Portal | 1 | |
8 total
Wachepti (
pink | 32 APM | 113 actions | 03:32)
1 Warden
1 Shadow Strike
» actions
| Build / train | 15 | |
| Enter build submenu | 4 | |
| Enter hero's abilities submenu | 1 | |
| Right click | 52 | |
| Select / deselect | 35 | |
| Use ability | 6 | |
113 total
» units
» buildings
| Altar of Elders | 1 | |
| Moon Well | 3 | |
4 total
» build order
00:04 Altar of Elders
00:20 Moon Well
02:17 Moon Well
02:19 Moon Well
Chat log
(00:06 / Allies) Wachepti: hot
(00:14 / Allies) fineX.: i totally called it
(00:14 / All) Wachepti: WIGGLE YOU FUCKING FATASS
(00:26 / All) wiggle_wit_it: haha
(00:28 / All) fineX.: fatass itt
(00:32 / All) De]s[ertRo]s[e: wow
(01:00 / Allies) fineX.: aa dotts
(01:07 / Allies) VELOX_NEB: he knows
(01:17 / Allies) VELOX_NEB: we just perched, he did good
(01:21 / Allies) fineX.: ok
(01:32 / Allies) fineX.: get that side velox
(01:44 / Allies) VELOX_NEB: shit
(01:46 / Allies) VELOX_NEB: wasn't look
(02:13 / Allies) fineX.: need lumb
(02:16 / Allies) VELOX_NEB: feed
(02:27 / Allies) Wachepti: as soon as I can
(02:49 / Allies) VELOX_NEB: wood
(02:50 / Allies) VELOX_NEB: now
(03:22 / Allies) fineX.: noob i think
(03:28 / Allies) fineX.: nice unarmored hunts
(03:38 / Allies) fineX.: shit
(03:54 / Allies) fineX.: what we gonna do velox
(03:58 / Allies) VELOX_NEB: continue
(04:42 / Allies) fineX.: disc hack mb?
(04:45 / Allies) VELOX_NEB: no
(05:13 / Allies) fineX.: can u control wachepti im clueless
(05:16 / Allies) fineX.: <-- noob
(06:08 / Allies) fineX.: just gem them low
(06:13 / Allies) fineX.: kill with heroes or you get no exp
(06:32 / Allies) fineX.: sucks he cant feed us
(10:44 / Allies) fineX.: let's get his warden to 2
(10:47 / Allies) fineX.: so he can blink up
(10:52 / Allies) VELOX_NEB: go ahead
(10:55 / Allies) fineX.: and we can start out perch early
(12:55 / Allies) fineX.: k lvl 2 warden
(13:02 / Allies) VELOX_NEB: okay
(13:05 / Allies) VELOX_NEB: got tiny hall?
(13:11 / Allies) fineX.: almost
(13:12 / Allies) fineX.: teching up
(13:42 / Allies) fineX.: 1 siege lol
(13:46 / Allies) fineX.: bm food
(15:12 / Allies) fineX.: can u clear vision there pls
(15:16 / Allies) fineX.: nvm
(15:53 / Allies) fineX.: ready 2 perch??
(17:09 / Allies) VELOX_NEB: eh
(17:11 / Allies) VELOX_NEB: too slow imho
(18:01 / Allies) VELOX_NEB: shoulda saved the dhawks
(18:03 / Allies) fineX.: tp some peons and lets gfo
(18:23 / Allies) fineX.: oh
(18:27 / Allies) fineX.: and some mechanical critters
(18:32 / Allies) fineX.: to tp to
(19:22 / Allies) VELOX_NEB: kill towers
(19:30 / Allies) fineX.: ?
(19:39 / Allies) VELOX_NEB: kill these towers
(19:41 / Allies) fineX.: qued up all the trees btw
(19:44 / Allies) VELOX_NEB: we can't protect them
(20:18 / Allies) VELOX_NEB: man spread those towers out
(20:20 / Allies) VELOX_NEB: to the edges
(20:21 / Allies) VELOX_NEB: shit
(20:31 / Allies) VELOX_NEB: fuck
(21:35 / Allies) VELOX_NEB: shop
(21:36 / Allies) VELOX_NEB: up hjere
(21:58 / Allies) fineX.: i somehow managed to get all my peons stuck
(23:15 / Allies) VELOX_NEB: wood
(23:49 / All) VELOX_NEB: gg guys
(23:54 / All) VELOX_NEB: you beat us
(23:56 / All) fineX.: gg :<
(23:56 / All) Commando: ya
(24:04 / All) fineX.: can u guys gimme some tips..
(24:06 / All) fineX.: im pretty n ew
(24:12 / All) wiggle_wit_it: shutup fag
(24:15 / All) wiggle_wit_it: i c that air
(24:20 / All) fineX.: pls
(25:40 / Allies) VELOX_NEB: fuck
(25:46 / Allies) VELOX_NEB: well i guess she can blink
(25:55 / Allies) fineX.: yeah
(26:33 / Allies) VELOX_NEB: wood
(26:52 / Allies) fineX.: too bad wachepti dropped...
(26:54 / Allies) VELOX_NEB: messiest perch ever
(26:58 / Allies) VELOX_NEB: yeah
(27:05 / Allies) fineX.: due to our lack of resources
(27:08 / Allies) VELOX_NEB: tho we still woulda got rolled
(27:15 / Allies) VELOX_NEB: poor harass too imho
(27:24 / Allies) fineX.: i got lazy
(27:31 / Allies) fineX.: didnt haras after the first
(27:56 / Allies) fineX.: might as well make your other critter somewhere
(28:12 / All) De]s[ertRo]s[e: your being dumb
(28:21 / Allies) VELOX_NEB: no u
(28:23 / All) VELOX_NEB: no u
(28:33 / All) fineX.: can u guys gimme some tips...
(28:44 / Allies) fineX.: careful
(28:47 / Allies) VELOX_NEB: yep
(28:53 / Allies) VELOX_NEB: lucky he was less careful than i
(29:22 / Allies) fineX.: mass det of wisps?
(29:30 / Allies) VELOX_NEB: doesn't want to feed me
(31:28 / All) De]s[ertRo]s[e: ok its game times
(31:49 / Allies) fineX.: id try
(31:52 / Allies) fineX.: blinking down from the perch
(32:25 / All) fineX.: I have question
(32:29 / All) De]s[ertRo]s[e: yea??
(32:35 / All) fineX.: do you like horny bunnies? (y/n)
(32:45 / All) De]s[ertRo]s[e: y
(32:50 / All) fineX.: you sick fuck
(33:12 / All) fineX.: u guys know how to blink?
(33:16 / All) De]s[ertRo]s[e: no
(33:27 / All) De]s[ertRo]s[e: LOLOLOL
(33:53 / All) De]s[ertRo]s[e: exactly
(34:24 / Allies) fineX.: out
(34:44 / Allies) fineX.: i totally called that one
(34:52 / Allies) VELOX_NEB: i was about to leave anyhow
(34:54 / Allies) VELOX_NEB: but good call
(35:01 / Allies) fineX.: ill go buy another tp staff
(35:08 / Allies) fineX.: oh wait
(35:14 / Allies) VELOX_NEB: what?
(35:18 / Allies) fineX.: i need to get down
(35:33 / Allies) fineX.: i know
(35:36 / Allies) fineX.: i gave u my tp though
(35:47 / Allies) fineX.: id keep that pig away
(35:54 / Allies) fineX.: he might decide to randomly kill critters out of boredom
(36:02 / Allies) VELOX_NEB: no one has ever done that
(36:04 / Allies) VELOX_NEB: before
(36:07 / Allies) fineX.: i have
(36:11 / Allies) fineX.: you click theme nough they explode
(36:24 / Allies) fineX.: wonder if they'll notice a tp staff is missing
(36:28 / Allies) fineX.: dont go to merch btw they're all there
(36:47 / Allies) VELOX_NEB: get my am the staff
(37:50 / Allies) fineX.: what idiots
(37:56 / Allies) VELOX_NEB: eh
(38:00 / Allies) VELOX_NEB: they still have gold coming
(38:03 / All) wiggle_wit_it: lol
(38:20 / Allies) fineX.: did your am die?
(38:24 / Allies) VELOX_NEB: yeah
(38:29 / Allies) VELOX_NEB: i need to kill off peasants
(38:44 / Allies) fineX.: thats altar wood
(38:49 / Allies) VELOX_NEB: got an altar
(38:58 / Allies) fineX.: oh
(39:10 / Allies) fineX.: farm wood then
(40:02 / Allies) VELOX_NEB: welp
(40:06 / Allies) VELOX_NEB: we got towers
(40:08 / Allies) VELOX_NEB: yeah
(40:10 / Allies) VELOX_NEB: it's conceivable
(40:20 / Allies) VELOX_NEB: losing wach resources hurt a lot
(40:38 / Allies) fineX.: does he have any wisp left
(40:41 / Allies) VELOX_NEB: yep
(40:48 / Allies) fineX.: build a aow?
(40:55 / Allies) VELOX_NEB: huh
(40:56 / Allies) VELOX_NEB: could
(41:08 / Allies) fineX.: he got plenty resources
(41:09 / Allies) VELOX_NEB: no, no wisps
(41:15 / Allies) fineX.: root his tree
(41:20 / Allies) VELOX_NEB: andthe tree is trapped
(41:36 / Allies) fineX.: tricky driving
(41:45 / Allies) fineX.: might beed to kill a tower
(42:05 / Allies) VELOX_NEB: need wisps and wells
(42:41 / Allies) fineX.: we could try making prots too
(42:50 / Allies) fineX.: suck though they do
(42:53 / Allies) VELOX_NEB: need hall
(43:06 / Allies) fineX.: lol u stuck
(43:11 / Allies) fineX.: ill tp to u and hand u a staff
(45:03 / Allies) VELOX_NEB: lol
(45:03 / Allies) fineX.: i was tping you out
(45:07 / Allies) fineX.: lol
(45:18 / Allies) VELOX_NEB: don't touch my am fag
(45:26 / Allies) fineX.: kk
(45:30 / Allies) fineX.: dont touch my cock fag
(45:36 / Allies) VELOX_NEB: wtyf!!!
(46:14 / Allies) VELOX_NEB: this is lost
(46:18 / Allies) fineX.: welp im outta here
(46:23 / Allies) VELOX_NEB: aw
(46:26 / Allies) fineX.: aw for chirst sake
(46:37 / Allies) VELOX_NEB: let them rush our towers at least
(46:56 / All) fineX.: how you guys doing down there? want some of my 12 000 gold
(47:04 / All) wiggle_wit_it: YES
(47:11 / Allies) fineX.: hippogriphs or dott
(47:16 / Allies) VELOX_NEB: jeez
(47:17 / Allies) VELOX_NEB: dott
(48:06 / Allies) VELOX_NEB: creep w me
(48:11 / All) wiggle_wit_it: nice crows
(49:32 / Allies) fineX.: bs!!
(50:09 / Allies) fineX.: i got his potm
(50:12 / Allies) fineX.: its not coming back
(50:26 / Allies) fineX.: they're rioting for 850 gold
(50:39 / Allies) fineX.: hey imma go eat some dinner, havent eaten in 8 hours
(50:44 / Allies) fineX.: watch the perch, dont pull jm
(50:46 / Allies) fineX.: a jm**
(50:59 / Allies) fineX.: keep pumping crows and wells
(54:33 / Allies) fineX.: did they kill our shit?
(54:37 / Allies) VELOX_NEB: o yes
(54:41 / Allies) VELOX_NEB: took out a bunch of towers
(54:45 / Allies) VELOX_NEB: killed warden
(54:52 / Allies) VELOX_NEB: should harass now imho
(54:57 / Allies) VELOX_NEB: and build back up
(55:14 / Allies) VELOX_NEB: of chims yet
(57:19 / Allies) fineX.: going back 2 eat
(57:25 / Allies) fineX.: just came to check up
(58:00 / Allies) fineX.: there now he has enough gold to make a fuckton of dott
(58:10 / Allies) fineX.: our fate in ur hands velox
(63:08 / Allies) fineX.: they dont have aa besides siege tanks
(63:10 / Allies) fineX.: and thats a maybce
(63:17 / Allies) VELOX_NEB: are they out of gold?
(63:23 / Allies) fineX.: i believe so
(63:26 / Allies) VELOX_NEB: no, they have tanks
(63:31 / Allies) VELOX_NEB: unbelievable
(63:34 / Allies) VELOX_NEB: they must be americans
(63:35 / All) wiggle_wit_it: we could... just leave
(63:37 / Allies) fineX.: if they have more than 2 brain cells
(63:45 / Allies) fineX.: they wouldnt be making tanks with their last gold
(63:57 / Allies) fineX.: obviously they are out, remember the bs up here over 850 gold
(64:06 / Allies) VELOX_NEB: super high upkeep?
(64:08 / All) wiggle_wit_it: hi man
(64:10 / Allies) VELOX_NEB: lots of chims
(64:17 / Allies) fineX.: they aren't making any more
(64:46 / Allies) fineX.: velox are you an american
(64:50 / Allies) VELOX_NEB: yep
(64:57 / Allies) fineX.: im not
(64:59 / Allies) fineX.: im canadian
(65:00 / Allies) fineX.: like jm
(65:08 / Allies) VELOX_NEB: i used to fuck a canadian
(65:09 / Allies) fineX.: or bear and
(65:13 / Allies) fineX.: really
(65:16 / Allies) VELOX_NEB: great lay
(65:21 / Allies) fineX.: was it a boy or a girl ??
(65:24 / Allies) VELOX_NEB: girl
(65:27 / Allies) fineX.: ok
(65:29 / Allies) VELOX_NEB: woman actually
(65:33 / Allies) fineX.: ooooh
(65:36 / Allies) VELOX_NEB: since i'm about 30
(65:39 / Allies) fineX.: velox ure smooth!!!
(65:48 / Allies) VELOX_NEB: that's how i get all the hot chix
(65:51 / Allies) VELOX_NEB: playing wc3 all day
(65:55 / Allies) fineX.: man can u teach me
(65:58 / Allies) VELOX_NEB: no
(66:00 / Allies) VELOX_NEB: it's innate
(66:08 / All) De]s[ertRo]s[e: yo
(66:11 / Allies) fineX.: do you think i have it
(66:13 / All) VELOX_NEB: sup
(66:16 / All) fineX.: sup niggaz
(66:18 / Allies) VELOX_NEB: doubtful
(66:19 / All) De]s[ertRo]s[e: yoha guys
(66:41 / All) wiggle_wit_it: now i realize we are all being pathetic here but do u guys really have nothing to do...
(66:42 / All) fineX.: what do you want, we're discussing shakespeare and swimming in the fountain of health we filled with gold
(67:01 / All) fineX.: hear that? we filled it with our GOLS
(67:04 / All) fineX.: golds***
(67:04 / All) De]s[ertRo]s[e: i beat off twice
(67:12 / All) VELOX_NEB: gg guys
(67:17 / All) Commando: gg
(67:18 / All) fineX.: u guys won :<
(67:18 / All) VELOX_NEB: you win, you played great
(67:21 / All) wiggle_wit_it: well good for you, do u wanna flip a coin
(67:22 / All) VELOX_NEB: later
(67:33 / All) De]s[ertRo]s[e: peace out nig scout
(67:44 / All) fineX.: so u guys r leaving now right
(67:48 / All) Commando: well ya im prepared to leave my computr on until tommrow. so ya
(67:49 / All) De]s[ertRo]s[e: lol fat chance
(67:55 / All) fineX.: ok idc
(67:57 / All) De]s[ertRo]s[e: im leaving this fucking on till tommorow
(68:01 / All) De]s[ertRo]s[e: i dont have shit to do lol
(68:03 / All) wiggle_wit_it: haha c no lives
(68:07 / All) fineX.: we dont lose we still have gold
(68:09 / All) fineX.: you dont
(68:10 / All) De]s[ertRo]s[e: ajahahah
(68:14 / All) fineX.: we have an impenetrable mountain fortress
(68:21 / All) fineX.: you dont
(68:22 / All) Commando: u cant make any units to kill us
(68:23 / All) De]s[ertRo]s[e: so, i dont care, what u gona do with it??
(68:24 / All) Commando: so u lose
(68:26 / All) fineX.: yes we can
(68:27 / All) wiggle_wit_it: you are obviousley dorks too
(68:31 / All) De]s[ertRo]s[e: then u come kill us
(68:32 / All) fineX.: see all those dott we made while up here?
(68:32 / All) Commando: how so?
(68:37 / All) Commando: yup
(68:40 / All) De]s[ertRo]s[e: dots??
(68:44 / All) Commando: see how many driads i have?
(68:49 / All) De]s[ertRo]s[e: good candy
(68:50 / All) fineX.: like six?
(68:53 / All) wiggle_wit_it: its cool i know you will shrug it off, but serousley, does your penis even work
(68:55 / All) Commando: like 16
(69:40 / Allies) fineX.: close call
(69:41 / All) De]s[ertRo]s[e: pussy, stay and fight
(69:50 / Allies) fineX.: going back 2 my dinner
(70:06 / All) De]s[ertRo]s[e: you guys obviously win if u kill us, so do it
(70:16 / Allies) fineX.: out i think
(70:34 / All) fineX.: lol
(70:37 / All) fineX.: leave it on until tomorrow
(70:39 / All) VELOX_NEB: gg gents
(71:09 / Allies) fineX.: anyway going back 2 my dinner for real
(71:21 / All) De]s[ertRo]s[e: so where you guys live??
(71:28 / All) VELOX_NEB: barsoom
(71:33 / All) De]s[ertRo]s[e: wheres that
(71:36 / Allies) VELOX_NEB: mars
(71:38 / All) VELOX_NEB: mars
(72:46 / All) fineX.: i live in kkkanada
(72:59 / All) De]s[ertRo]s[e: thats precious
(73:21 / Allies) fineX.: blade stormin dis shit
(73:36 / Allies) fineX.: do dryads get affectedby blade storm?
(73:44 / Allies) VELOX_NEB: don't think so
(73:49 / Allies) fineX.: one way 2 find out
(73:51 / Allies) VELOX_NEB: it's a weird ability
(74:08 / Allies) fineX.: yes they do
(74:15 / Allies) VELOX_NEB: cool
(74:26 / Allies) fineX.: i think its physical or universal damage
(74:29 / All) De]s[ertRo]s[e: suprising timing bm
(74:32 / All) De]s[ertRo]s[e: im helping
(74:41 / All) fineX.: helping what
(74:49 / All) De]s[ertRo]s[e: im attacing my main you retard, not rapairing
(74:59 / All) VELOX_NEB: not that you have any gold to repair with
(75:00 / All) fineX.: okay
(75:03 / All) VELOX_NEB: wasteful american
(75:06 / All) fineX.: ^^ burned
(75:31 / Allies) fineX.: Where do you live De]s[ertRo]s[e
(75:46 / All) fineX.: where do you live de]s[ertro]s[e
(75:49 / All) fineX.: amerikkka?
(75:57 / All) De]s[ertRo]s[e: yea lol, syracuse New York
(76:04 / All) fineX.: whats that
(76:07 / All) De]s[ertRo]s[e: theres no need to be a dick
(76:11 / All) fineX.: no really
(76:12 / All) fineX.: whats that
(76:13 / All) De]s[ertRo]s[e: its not a what, its a where
(76:26 / All) fineX.: im from halifax nova scotia
(76:31 / Allies) fineX.: they don't teach us social studies here
(76:39 / All) De]s[ertRo]s[e: NOOOO
(79:34 / Allies) fineX.: i like how the guy said he was prepared to leave it on till tomorrow
(79:38 / Allies) fineX.: and he left 5 minutes later
(81:23 / Allies) fineX.: ill go bladestorm
(81:31 / Allies) fineX.: something teal
(81:32 / Allies) fineX.: town hall?
(81:45 / Allies) VELOX_NEB: does it matter?
(81:52 / Allies) fineX.: well we can wreck it
(84:17 / All) De]s[ertRo]s[e: so seriously, this has happened to me before, how do you get up there?
(84:23 / All) fineX.: you get pit lord
(84:26 / All) VELOX_NEB: hahaha
(84:29 / All) De]s[ertRo]s[e: cmon man
(84:33 / All) fineX.: and you use rain of fire on the cave by merchant tavern
(84:45 / All) VELOX_NEB: which unlocks the goblin lab
(84:55 / All) fineX.: my uncle is a mapper for blizz, he helped work on this map
(85:03 / All) De]s[ertRo]s[e: ok nvm then you little queers
(85:11 / All) De]s[ertRo]s[e: yea im sure
(85:15 / All) fineX.: no really, i have blizzard note pads and t shirts and everything
(85:22 / All) VELOX_NEB: if you really wanna know just watch the replay
(85:25 / All) fineX.: my uncle gets them for me
(85:30 / All) fineX.: yeah, what velox said
(85:31 / All) De]s[ertRo]s[e: true that
(85:44 / All) De]s[ertRo]s[e: game times
(85:52 / Allies) fineX.: i might die
(85:56 / Allies) VELOX_NEB: don't
(85:58 / Allies) VELOX_NEB: don't
(86:00 / Allies) VELOX_NEB: you will die
(86:06 / Allies) VELOX_NEB: just wait
(86:08 / Allies) fineX.: idk
(86:12 / Allies) VELOX_NEB: no reason to rush right
(86:15 / Allies) fineX.: chims cant attack while im blade storming
(86:19 / Allies) VELOX_NEB: no
(86:22 / Allies) VELOX_NEB: well w/e
(86:25 / Allies) fineX.: its magic damage
(86:28 / Allies) fineX.: immune to magic
(86:29 / Allies) VELOX_NEB: if you die you're not coming back
(86:55 / Allies) fineX.: how come cant purge the tree :<
(87:01 / Allies) VELOX_NEB: building
(87:13 / All) De]s[ertRo]s[e: lets do this
(87:31 / All) VELOX_NEB: we've been doing this
(87:47 / Allies) fineX.: give it to am imho
(87:49 / All) De]s[ertRo]s[e: whats this, this strat??
(87:56 / All) fineX.: it's called
(87:57 / Allies) VELOX_NEB: he doesn't need more int
(87:58 / All) fineX.: high perch
(88:03 / All) VELOX_NEB: or
(88:03 / Allies) fineX.: woops
(88:05 / All) VELOX_NEB: perching
(88:08 / All) fineX.: or
(88:10 / All) fineX.: towering
(88:15 / All) VELOX_NEB: or
(88:17 / All) De]s[ertRo]s[e: or being gay / all of the above
(88:21 / All) VELOX_NEB: fineX is a raging homo
(88:26 / All) fineX.: or ihadsexwithvelox'smom
(88:37 / All) De]s[ertRo]s[e: no shit me too
(88:45 / All) fineX.: well velox do you have anything to say to that
(88:45 / All) VELOX_NEB: or you paid her good money you short dicked canadian
(89:05 / All) fineX.: do all canadians have short dicks or something
(89:15 / All) VELOX_NEB: no just you
(89:36 / All) De]s[ertRo]s[e: gona hit me yet??
(89:36 / Allies) VELOX_NEB: okay let's load up at the shop
(89:39 / Allies) fineX.: if we can nail his chims i can bladestorm and take out the yads
(89:44 / Allies) fineX.: no gold
(89:51 / Allies) VELOX_NEB: i got a little
(89:57 / Allies) fineX.: can u buy me an invuln potion
(90:05 / Allies) fineX.: thx
(90:24 / Allies) fineX.: this is do or wait it out
(90:33 / Allies) fineX.: either way we win!!!
(90:48 / Allies) fineX.: i will initiate combat
(90:57 / Allies) fineX.: hit his chims as soon as im revealed
(91:00 / Allies) VELOX_NEB: gotta kill mk soon
(91:14 / Allies) fineX.: rdy?
(91:15 / All) De]s[ertRo]s[e: thats right strategize
(91:25 / Allies) VELOX_NEB: go
(91:43 / Allies) fineX.: shit
(91:50 / Allies) fineX.: was too late on my ww
(92:03 / Allies) VELOX_NEB: well that was a loser
(92:05 / Allies) fineX.: starfall fucked us i think
(92:14 / Allies) VELOX_NEB: yeah that helped
(92:17 / Allies) VELOX_NEB: dammit
(92:22 / All) VELOX_NEB: gg man you win
(92:29 / Allies) fineX.: you still got enough to revive am
(92:36 / Allies) VELOX_NEB: no
(92:40 / Allies) fineX.: oh
(92:42 / Allies) fineX.: n farm
(92:44 / All) De]s[ertRo]s[e: yea...
(93:06 / Allies) VELOX_NEB: give wach whatever you got
(93:10 / Allies) fineX.: im gonna go finish my dinner finally
(93:11 / Allies) VELOX_NEB: which is nothing
(101:08 / Allies) fineX.: hey, im back
(101:12 / Allies) VELOX_NEB: lol
(101:16 / Allies) VELOX_NEB: he's still trying
(101:21 / Allies) fineX.: really
(101:24 / Allies) VELOX_NEB: i think this'll be a disc special
(101:32 / Allies) VELOX_NEB: i see no way to win tbh
(101:38 / Allies) fineX.: yeah, you should post this
(101:42 / Allies) VELOX_NEB: no
(101:48 / Allies) VELOX_NEB: this isn't that great a game
(101:51 / Allies) fineX.: you could call it
(101:56 / Allies) fineX.: uh
(102:00 / Allies) VELOX_NEB: not going to embarass myself by posting it
(102:05 / Allies) fineX.: "sloppy ass highperch which ultimately failed"
(102:08 / Allies) VELOX_NEB: i call a typical highperch
(102:13 / Allies) VELOX_NEB: well
(102:21 / Allies) VELOX_NEB: he could disc
(102:23 / Allies) fineX.: maybe ill post it
(102:24 / Allies) VELOX_NEB: or we could
(102:25 / Allies) fineX.: and embarass u
(102:30 / Allies) VELOX_NEB: faggot
(102:31 / Allies) fineX.: im not about to disc
(102:47 / Allies) VELOX_NEB: lol
(102:51 / Allies) VELOX_NEB: he's trying to lure them
(103:02 / Allies) fineX.: with what
(103:05 / Allies) fineX.: an owl scout
(103:13 / Allies) VELOX_NEB: no he flew a chim up
(104:24 / Allies) fineX.: starfall and dott is gone
(104:36 / Allies) fineX.: i wonder if we told him how to get up
(104:42 / Allies) fineX.: o h
(105:05 / Allies) fineX.: shoulda shadow striked
(105:09 / Allies) fineX.: he woulda died
(105:10 / Allies) VELOX_NEB: did
(105:14 / Allies) fineX.: oh
(105:15 / Allies) VELOX_NEB: tped
(105:29 / Allies) fineX.: it woulda still hurt him though, guess moonwells saved him
(105:34 / Allies) fineX.: now he has no way of getting up
(105:51 / All) VELOX_NEB: congrats on figuring it out
(105:56 / All) De]s[ertRo]s[e: ty
(106:01 / All) fineX.: that is but one way
(106:07 / All) De]s[ertRo]s[e: yes i see
(106:08 / Allies) VELOX_NEB: there's 6
(106:08 / All) fineX.: bonus points if you can figure out all 10
(106:12 / All) VELOX_NEB: there's 6
(106:12 / All) De]s[ertRo]s[e: lol
(106:16 / All) VELOX_NEB: not 10
(106:18 / Allies) fineX.: there's more than six iirc
(106:22 / Allies) VELOX_NEB: 6
(106:23 / All) fineX.: there's more than six iirc
(106:29 / Allies) VELOX_NEB: according to highper.ch
(106:39 / Allies) fineX.: the article says there's the standard ones
(106:53 / Allies) fineX.: then 6 more that would be unattainable in a normal game environment
(106:56 / Allies) fineX.: yomping up is one
(110:17 / All) De]s[ertRo]s[e: i dont like you looking at em
(112:12 / Allies) fineX.: wish i still had my bm :<
(112:20 / Allies) VELOX_NEB: yeah me too
(112:22 / Allies) fineX.: could take out those tanks np
(112:25 / Allies) VELOX_NEB: we shouldn't have done that
(112:30 / Allies) fineX.: yeah it was dumb
(112:34 / Allies) VELOX_NEB: he's not the type who can sit still
(114:59 / Allies) VELOX_NEB: you there?
(115:02 / Allies) fineX.: yes
(115:06 / Allies) VELOX_NEB: get the warden
(115:09 / Allies) VELOX_NEB: i'll get crows
(115:11 / Allies) fineX.: talking to my buddy epicon (he wants to join towa)
(115:13 / Allies) VELOX_NEB: k?
(115:22 / Allies) VELOX_NEB: is he a faggot?
(115:26 / Allies) fineX.: hes a goon
(115:33 / Allies) fineX.: and pretty cool guy
(115:44 / Allies) fineX.: i wouldnt do this
(115:47 / Allies) VELOX_NEB: okay, as long as he's a faggot i'll vouch for him
(115:50 / Allies) fineX.: we might lose all our crows
(115:58 / Allies) VELOX_NEB: just for defense
(116:04 / Allies) VELOX_NEB: he's trying to pick us off
(116:04 / Allies) fineX.: k
(116:12 / Allies) fineX.: warden has no orb
(116:12 / Allies) fineX.: ugh
(116:16 / Allies) VELOX_NEB: ss
(117:16 / Allies) fineX.: cant ss them :<
(117:18 / Allies) fineX.: for some reason
(117:29 / Allies) VELOX_NEB: too far i guess
(117:58 / Allies) fineX.: ill keep warden up here
(118:01 / Allies) fineX.: for quick blinking
(118:10 / All) De]s[ertRo]s[e: shes got range
(118:11 / Allies) VELOX_NEB: he can see you
(118:24 / Allies) fineX.: oh well
(119:38 / Allies) fineX.: if we can finish his main
(119:57 / Allies) fineX.: hes got hunts apparently
(120:18 / Allies) fineX.: and some reserve yad
(120:34 / All) VELOX_NEB: imba
(120:38 / All) VELOX_NEB: 3 owls
(120:41 / All) De]s[ertRo]s[e: huh??
(120:42 / Allies) fineX.: owl scouts are gay
(120:46 / Allies) fineX.: how they are invuln
(121:45 / All) De]s[ertRo]s[e: lol
(122:19 / Allies) fineX.: well im gonna go browse the forums
(122:26 / Allies) VELOX_NEB: yeah
(122:30 / Allies) fineX.: think u can handle dis
(122:34 / Allies) VELOX_NEB: i'm about to afk myself
(122:45 / Allies) fineX.: if we both we'll be pulling a jm
(122:48 / Allies) fineX.: and jm loses perches
(122:56 / Allies) VELOX_NEB: yeah he does
(123:09 / Allies) fineX.: anyway alt-tabbing
(123:12 / Allies) VELOX_NEB: kk
(126:35 / Allies) fineX.: almost lvl 6
(126:42 / Allies) fineX.: once it hits six we can blink vengeance blink otu
(126:50 / Allies) VELOX_NEB: naw
(126:53 / Allies) fineX.: gap says velox_neb mor like velox_nub amirite
(126:59 / Allies) VELOX_NEB: 11
(127:18 / Allies) fineX.: pro ss by me
(127:22 / Allies) VELOX_NEB: i've never heard that one before
(127:30 / Allies) VELOX_NEB: and that's velox_pro to him
(128:26 / Allies) fineX.: gap syas i like dicks in my prostate
(128:38 / Allies) VELOX_NEB: he would know
(128:49 / Allies) fineX.: no i mean
(128:53 / Allies) fineX.: gap likes dicks in his prostate
(129:58 / Allies) fineX.: il control warden
(130:00 / Allies) fineX.: u control corws
(131:46 / Allies) fineX.: man down
(131:51 / Allies) fineX.: im gonna blink down and vengeance?
(131:54 / All) VELOX_NEB: MAN DOWN
(131:59 / All) De]s[ertRo]s[e: yeaaa
(132:00 / Allies) VELOX_NEB: eh, try it
(132:09 / Allies) VELOX_NEB: don't get killed
(133:02 / Allies) fineX.: doesnt do much it looks like
(133:12 / Allies) VELOX_NEB: i was gonna say get ss3
(133:20 / Allies) VELOX_NEB: you are just full of bad ideas today
(133:20 / Allies) fineX.: doh
(133:27 / Allies) fineX.: yeah not thinking
(134:28 / Allies) VELOX_NEB: actually
(134:30 / Allies) VELOX_NEB: go take warden
(134:39 / Allies) VELOX_NEB: and kill some of his units in his base
(134:47 / Allies) fineX.: he has lots of yads in there
(134:54 / Allies) fineX.: ill see what i can do tohugh
(134:55 / Allies) VELOX_NEB: blink3 dude
(135:07 / Allies) VELOX_NEB: don't lose her
(135:09 / Allies) VELOX_NEB: please god
(135:22 / Allies) fineX.: im not confident in my abilities velox
(135:58 / Allies) VELOX_NEB: out
(136:03 / Allies) VELOX_NEB: we will have more chances
(136:14 / Allies) VELOX_NEB: don't want to lose another dott
(139:10 / Allies) VELOX_NEB: that was one chim left?
(139:15 / Allies) fineX.: afaik
(139:20 / Allies) fineX.: maybe two
(139:25 / Allies) VELOX_NEB: gonna scout
(139:30 / Allies) VELOX_NEB: towers will take care of this
(139:51 / Allies) fineX.: 1 left up
(140:26 / Allies) VELOX_NEB: stop doing that
(140:32 / Allies) VELOX_NEB: she's just free xp
(140:37 / Allies) fineX.: k
(143:11 / Allies) VELOX_NEB: crows out
(143:16 / Allies) VELOX_NEB: get her ready
(144:57 / All) De]s[ertRo]s[e: if chims could only atack air
(145:05 / All) fineX.: they'd be imba!
(145:20 / Allies) VELOX_NEB: fuck
(145:22 / Allies) fineX.: why
(145:27 / All) De]s[ertRo]s[e: o my, your getting slopps
(145:28 / Allies) VELOX_NEB: lost a crow stupidly
(145:30 / All) De]s[ertRo]s[e: sloppy
(145:39 / Allies) fineX.: why did you do that i mean
(145:47 / Allies) VELOX_NEB: wanted to see
(145:50 / Allies) VELOX_NEB: o i dunno
(145:57 / Allies) VELOX_NEB: wanted to do something
(146:03 / Allies) VELOX_NEB: this is a standoff
(146:08 / All) De]s[ertRo]s[e: my army wins, admit defeat
(146:18 / All) fineX.: we have about 20 towers
(146:25 / All) VELOX_NEB: well get up here and kill our army then
(146:29 / All) fineX.: vs chim 2 heroes and about 10 yads
(146:35 / All) De]s[ertRo]s[e: and i have a 5 liter box of wine
(146:44 / All) fineX.: thats disgusting
(146:57 / All) VELOX_NEB: okay then
(147:02 / Allies) fineX.: gonna go browse the forums some more
(147:03 / All) De]s[ertRo]s[e: my seige would tear you base apart alone
(147:04 / All) VELOX_NEB: you get drunk and watch the screen then
(147:12 / All) VELOX_NEB: then bring it up here
(147:16 / All) fineX.: then go tear us apart
(147:18 / All) De]s[ertRo]s[e: i plan on it lol, or just letting this run and studying for finals
(147:28 / Allies) VELOX_NEB: uh huh
(147:29 / All) De]s[ertRo]s[e: see im not sure that i can
(147:39 / All) De]s[ertRo]s[e: you tell me how and ill do it
(147:43 / All) fineX.: can you think of some other ways to get up here
(147:50 / All) VELOX_NEB: most involve gold
(147:57 / All) VELOX_NEB: which you probably don't have
(148:00 / All) De]s[ertRo]s[e: yea, and thats a little scarce
(148:03 / All) VELOX_NEB: so
(148:07 / All) VELOX_NEB: come on up
(148:09 / All) De]s[ertRo]s[e: if i had gold youd be dead man
(148:14 / All) VELOX_NEB: yep
(148:17 / All) fineX.: well we do have gold
(148:18 / All) VELOX_NEB: wasteful american
(148:30 / All) De]s[ertRo]s[e: see thats where i dont belive you
(148:33 / All) fineX.: we do.
(148:36 / All) VELOX_NEB: squandering all available resources
(148:38 / All) De]s[ertRo]s[e: good for you
(148:46 / All) De]s[ertRo]s[e: i do agree, americans suck
(148:55 / Allies) VELOX_NEB: lol
(148:58 / All) De]s[ertRo]s[e: i study environmental science, so dont preach to me
(149:03 / All) De]s[ertRo]s[e: i know more than you on the subject
(149:03 / Allies) VELOX_NEB: i love that americans hate america
(149:09 / All) VELOX_NEB: lol
(149:13 / Allies) fineX.: i know its awesome :>
(149:14 / All) VELOX_NEB: that's a big assumption
(149:19 / Allies) fineX.: us canadians like canada
(149:20 / All) De]s[ertRo]s[e: seriously though, not to be a dick
(149:25 / All) De]s[ertRo]s[e: ii dunoo, its all i learn about
(149:26 / All) VELOX_NEB: for all you know i could be one of your professors
(149:30 / All) De]s[ertRo]s[e: for years and years
(149:35 / All) De]s[ertRo]s[e: ahahah
(149:42 / All) De]s[ertRo]s[e: then id make fun of you all the time
(150:00 / All) fineX.: if you study environmental science
(150:04 / All) VELOX_NEB: and i'd fail you all of the time and you'd have to work at starbucks
(150:05 / All) fineX.: why did you squander all your gold
(150:14 / All) VELOX_NEB: seriously
(150:22 / All) De]s[ertRo]s[e: starbucks huh??
(150:23 / All) fineX.: being wasteful in a video game is no better than being wasteful in the real world
(150:33 / All) De]s[ertRo]s[e: well see i also have my own business, that i dont think id have to do that
(150:34 / Allies) fineX.: watch "funny thing i work at starbucks..."
(150:46 / Allies) VELOX_NEB: haha
(150:46 / Allies) fineX.: oh look at our little entrepeneur
(150:52 / Allies) VELOX_NEB: geez
(150:56 / Allies) VELOX_NEB: we're wasting our time here
(151:01 / All) fineX.: standing on a street corner in tights is not a business sir
(151:12 / All) De]s[ertRo]s[e: hahah, thats a solid comeback
(151:17 / All) De]s[ertRo]s[e: i like it
(151:32 / All) De]s[ertRo]s[e: i wish i had the beastmasters sout
(151:41 / All) fineX.: go buy one from the tav
(151:49 / All) De]s[ertRo]s[e: lol, ive thought of it
(151:49 / All) VELOX_NEB: why so you could feed us xp
(152:02 / All) De]s[ertRo]s[e: yes
(152:03 / Allies) VELOX_NEB: that would be cool go get one
(152:14 / All) fineX.: that would be cool go get one
(152:24 / Allies) fineX.: all chat is the key velox
(152:49 / All) De]s[ertRo]s[e: see that scout, thats why you dont have gold
(153:16 / All) De]s[ertRo]s[e: i mean, if i was you, i would definitly NOT repair my towers
(153:31 / Allies) VELOX_NEB: could sell off warden's items
(153:39 / Allies) VELOX_NEB: for like another 2-3 dotts
(153:47 / All) fineX.: ok sell them off
(153:51 / All) fineX.: cept tp staff
(154:18 / All) fineX.: u can sell to voodoo lounge
(154:21 / All) fineX.: and blink range is 1000
(154:37 / All) fineX.: dott it up
(155:00 / Allies) VELOX_NEB: sell the staff too
(155:04 / Allies) VELOX_NEB: she doesn't need it
(155:17 / All) fineX.: his chim is gone
(155:26 / All) De]s[ertRo]s[e: boo
(155:37 / All) De]s[ertRo]s[e: lol
(156:05 / All) De]s[ertRo]s[e: sneaky sneaky
(156:13 / All) De]s[ertRo]s[e: under the foliage and shit
(156:26 / Allies) VELOX_NEB: wow this guy is determined
(157:19 / All) fineX.: i thinkim gonna go do the dinner dishes
(157:27 / All) fineX.: later gents
(157:31 / All) De]s[ertRo]s[e: peace
(157:36 / All) De]s[ertRo]s[e: so you do have gold, thats cure
(157:38 / All) De]s[ertRo]s[e: cute*
(157:54 / All) De]s[ertRo]s[e: id like to see those dots take my base
(158:09 / All) VELOX_NEB: love to see that chim take mine
(158:23 / All) De]s[ertRo]s[e: im working on it, your not
(158:43 / Allies) VELOX_NEB: afk fine
(162:33 / All) De]s[ertRo]s[e: he attacked me
(182:16 / All) De]s[ertRo]s[e: should i come from the top now??
(182:35 / All) De]s[ertRo]s[e: or do you like it in the ass??
(193:56 / Allies) fineX.: back
(194:02 / Allies) VELOX_NEB: haha
(194:07 / Allies) VELOX_NEB: this guy is persistent
(194:16 / Allies) VELOX_NEB: i think he only has one chim left
(194:17 / Allies) fineX.: has he been attacking with his one chim
(194:21 / Allies) VELOX_NEB: yeah
(194:28 / Allies) VELOX_NEB: and then retreating
(194:37 / Allies) VELOX_NEB: the dotts are too slow
(194:43 / Allies) VELOX_NEB: i've been alttabbing back
(194:46 / Allies) fineX.: need to set up for a good ss
(195:12 / Allies) VELOX_NEB: considering just suiciding dotts and warden to kill that chim
(195:28 / Allies) fineX.: well if it works then we can just alt-tab out forveer
(195:36 / Allies) fineX.: but it probably wont
(195:43 / Allies) VELOX_NEB: yeah, and hope our connection is better
(195:47 / Allies) fineX.: and then we lose
(195:58 / Allies) fineX.: im on a shitty wireless adapter (circa 2002)
(196:05 / Allies) fineX.: my good one is pluigged into my lap top
(196:14 / All) VELOX_NEB: broadband cable here
(196:19 / Allies) VELOX_NEB: shit
(196:19 / All) De]s[ertRo]s[e: thats cool
(196:20 / Allies) VELOX_NEB: lol
(196:47 / Allies) fineX.: its coming
(197:02 / Allies) VELOX_NEB: he killed one before
(197:13 / Allies) VELOX_NEB: be cool
(197:28 / Allies) VELOX_NEB: i think we'll have to let him kill like half the base
(197:32 / Allies) VELOX_NEB: and then strike
(197:33 / Allies) fineX.: whered our other critter go
(197:37 / Allies) VELOX_NEB: unless we want to suicide
(197:41 / Allies) VELOX_NEB: he killed it
(198:03 / Allies) VELOX_NEB: yeah, pretty sure he's down to one chim
(198:29 / Allies) VELOX_NEB: scouting to make sure
(198:33 / Allies) fineX.: im getting spikes now
(198:39 / Allies) fineX.: they're chilling down there
(198:54 / Allies) VELOX_NEB: he may have some hidden elsewhere on the map
(198:58 / Allies) VELOX_NEB: never know
(199:01 / Allies) fineX.: i doubt it
(199:06 / Allies) VELOX_NEB: me too but
(199:10 / Allies) fineX.: this guy does not seem like the brightest light bulb
(199:12 / Allies) VELOX_NEB: i don't want to lose like that
(199:28 / Allies) fineX.: why dont you maphack timg style.. remember that a few months back
(199:36 / Allies) VELOX_NEB: huh?
(199:38 / All) De]s[ertRo]s[e: that would have mad this easier
(199:42 / Allies) fineX.: timg got banned for maphacking
(199:48 / Allies) fineX.: and there was some drama
(199:51 / Allies) VELOX_NEB: i would never do that
(201:21 / Allies) VELOX_NEB: let it go
(201:27 / Allies) VELOX_NEB: we're not going to get it
(201:29 / Allies) fineX.: im justfucking around
(201:34 / Allies) VELOX_NEB: and he's scouting constantly
(201:42 / Allies) VELOX_NEB: he has to believe we're afk
(202:18 / Allies) fineX.: ok pretend to be afk
(202:44 / Allies) fineX.: lol he didnt even get corrosive bile
(202:53 / Allies) VELOX_NEB: yeah he did
(203:01 / Allies) VELOX_NEB: that's the siege upgrade for chims
(203:04 / Allies) fineX.: shoudltn it be doing 35 dps
(203:06 / Allies) fineX.: oh
(203:12 / Allies) fineX.: must have been thinking of something esle
(203:59 / Allies) fineX.: lol his scouts are gone and he retreated
(204:12 / Allies) VELOX_NEB: he's fucking paranoid man
(204:26 / Allies) VELOX_NEB: didn't see any reserve chims
(204:28 / Allies) fineX.: maybe we can drive himinsane
(204:34 / Allies) fineX.: by not talking or anything
(204:42 / Allies) fineX.: his chims getting close, gonna wait till its in blink range
(204:57 / Allies) VELOX_NEB: wait until he's in range
(205:02 / Allies) VELOX_NEB: then strike
(205:12 / Allies) VELOX_NEB: let him kill a good amount of towers
(206:21 / Allies) VELOX_NEB: lol
(206:22 / Allies) fineX.: paranoid as shit
(206:35 / Allies) VELOX_NEB: he really really wants this
(206:39 / Allies) fineX.: not too god micro either, he cant cast owl scouts and destroy buildings at the same time?
(209:04 / Allies) VELOX_NEB: god this is agonizing
(209:10 / Allies) fineX.: i was about to say that jerk
(209:36 / Allies) VELOX_NEB: after this
(209:44 / Allies) fineX.: gotta wait till hes in range
(209:47 / Allies) VELOX_NEB: he'll switch to the other side
(209:47 / Allies) fineX.: let him get closer
(209:52 / Allies) fineX.: yeah prob
(210:01 / Allies) fineX.: warden is clos e to other side can blink and ss
(210:22 / Allies) VELOX_NEB: now?
(210:25 / Allies) fineX.: no
(210:26 / Allies) fineX.: wait
(210:48 / Allies) fineX.: shit
(210:59 / Allies) VELOX_NEB: jumped the gun man
(211:00 / Allies) fineX.: right as i blinked he backed off
(211:01 / Allies) fineX.: ugh
(211:19 / Allies) fineX.: hes gonna be mega paranoid now, shit
(211:29 / Allies) VELOX_NEB: yep
(211:40 / Allies) VELOX_NEB: and we only have 6 towers left
(211:42 / Allies) fineX.: if only we still had a dhawk or two
(211:50 / Allies) VELOX_NEB: seriously
(213:45 / Allies) VELOX_NEB: okay
(213:51 / Allies) VELOX_NEB: he has no other air
(214:16 / Allies) fineX.: i learned something today
(214:23 / Allies) fineX.: blink in war3 is much shorter than blinkin dota
(214:28 / Allies) VELOX_NEB: we should just suicide next time he comes
(214:32 / Allies) VELOX_NEB: 1 sec
(214:34 / Allies) fineX.: ok
(214:46 / Allies) VELOX_NEB: just frikken spam it
(215:23 / Allies) fineX.: did we get it
(215:29 / Allies) VELOX_NEB: yep
(215:32 / Allies) fineX.: sweet
(215:34 / All) fineX.: gg
(215:39 / Allies) VELOX_NEB: wait a bit
(215:45 / Allies) fineX.: k
(215:52 / Allies) VELOX_NEB: see if he pulls any others out of his ass
(215:59 / Allies) VELOX_NEB: i would be totally pissed
(216:00 / Allies) fineX.: doubtful
(216:46 / Allies) fineX.: well there's nothing i can do now
(216:55 / Allies) fineX.: i could even it up or browse the forums CHOOSE
(216:57 / Allies) VELOX_NEB: hmm
(217:14 / All) De]s[ertRo]s[e: just fucking leave man
(217:24 / All) fineX.: why, there's no way we can lose now
(217:29 / All) De]s[ertRo]s[e: us either
(217:33 / Allies) VELOX_NEB: he could sell his items for a few air units
(217:37 / Allies) VELOX_NEB: and probably win
(217:49 / Allies) fineX.: he doesnt have enough gold from items prob
(217:55 / All) De]s[ertRo]s[e: my army, base, everything owns yours, your just being a whinning pussy
(217:57 / Allies) fineX.: and hes out of peons iirc, so no wood
(218:01 / All) fineX.: then come up
(218:03 / All) fineX.: and own us
(218:04 / All) De]s[ertRo]s[e: its over, we won
(218:10 / All) fineX.: ok then, finish it
(218:11 / All) VELOX_NEB: come on up and own us dood
(218:18 / All) VELOX_NEB: finish the game
(218:18 / All) De]s[ertRo]s[e: dood
(218:21 / Allies) fineX.: i like how before he was all like
(218:22 / All) VELOX_NEB: sorry
(218:25 / All) VELOX_NEB: d00d
(218:31 / Allies) fineX.: whats up guys
(218:33 / Allies) fineX.: now hes like
(218:35 / Allies) fineX.: fuck you pussies
(218:45 / Allies) VELOX_NEB: heh
(218:50 / Allies) VELOX_NEB: he really wanted this one
(218:59 / Allies) fineX.: chim for the warde
(219:00 / Allies) VELOX_NEB: he's got peasants left btw
(219:06 / Allies) fineX.: not a bad trade considering the circumstances
(219:17 / Allies) fineX.: oh, does he.. hes prob. not smart enough to sell
(219:23 / Allies) fineX.: and hes hu
(219:33 / Allies) fineX.: only thing he could get is draghawks/gryphon
(219:45 / Allies) VELOX_NEB: yeah
(219:52 / Allies) fineX.: at most 2 draghawks.. only 2 shackles and gryphs just get owned
(220:00 / Allies) VELOX_NEB: i figure he has like 5-600 in gold
(220:25 / Allies) fineX.: im gonna go browse the forums
(220:27 / Allies) VELOX_NEB: so that's 2 dhawks or 2 griffs
(220:32 / Allies) fineX.: maybe only 1 griff
(220:35 / Allies) VELOX_NEB: yeah i'll scout
(220:37 / Allies) fineX.: griff is 300 gold or something
(220:42 / Allies) VELOX_NEB: 280
(221:42 / All) fineX.: sogreen
(221:47 / All) fineX.: how has your day been
(221:53 / All) De]s[ertRo]s[e: not bad, craft all day
(222:01 / All) De]s[ertRo]s[e: i have finals tomorrow, so im looking over stats notes
(222:01 / All) fineX.: shouldnt you be studying for finals
(222:09 / All) De]s[ertRo]s[e: o but i am
(222:13 / All) De]s[ertRo]s[e: seriously though
(222:18 / All) De]s[ertRo]s[e: where you guys from
(222:23 / All) fineX.: kkkanada
(222:26 / All) VELOX_NEB: barsoom
(222:34 / Allies) fineX.: what is barsoom
(222:38 / All) VELOX_NEB: we already told you that
(222:42 / All) De]s[ertRo]s[e: yaa
(222:45 / All) De]s[ertRo]s[e: how old you boys
(222:49 / Allies) VELOX_NEB: a city on mars in burroughs' novels
(222:55 / Allies) fineX.: lol
(223:00 / All) VELOX_NEB: 14/f/ca
(223:03 / All) VELOX_NEB: wanna cyber?
(223:06 / All) De]s[ertRo]s[e: HAHAHAH
(223:10 / All) De]s[ertRo]s[e: thats great
(223:13 / All) fineX.: im 12, velox is 14...
(223:17 / Allies) VELOX_NEB: this guy is a tool
(223:22 / Allies) VELOX_NEB: likeable, but a tool
(223:24 / Allies) fineX.: yes indeed
(223:48 / All) fineX.: how old r u green
(223:54 / All) De]s[ertRo]s[e: 20
(224:09 / All) fineX.: wow velox.. we been playing with sum1 6 years older!!
(224:21 / All) De]s[ertRo]s[e: ill give you a cookes
(224:27 / All) VELOX_NEB: my mom won't be pleased
(224:34 / All) VELOX_NEB: i'm not supposed to talk to boys
(224:38 / All) VELOX_NEB: even on the internet
(225:01 / All) fineX.: guys.. my mom wants me off the computer
(225:06 / Allies) VELOX_NEB: okay he can't get up here
(225:12 / Allies) fineX.: yeah
(225:21 / Allies) fineX.: he would have earlier, again not the sharpest knife
(225:39 / Allies) VELOX_NEB: or he's waiting for us to afk again and then sneakily sell his items and build 1 dhawk and one griff and take us out
(225:45 / Allies) VELOX_NEB: i wouldn't put it past him
(225:54 / Allies) VELOX_NEB: he is fucking DETERMINED
(226:02 / Allies) fineX.: keep watch good sir
(226:04 / Allies) fineX.: keep watch
(226:41 / Allies) VELOX_NEB: huh
(226:48 / Allies) VELOX_NEB: shifted all items to the mk
(227:21 / Allies) VELOX_NEB: yeah he's got 6-700 there
(227:38 / Allies) fineX.: tp staff is 75
(227:41 / Allies) fineX.: tp scroll is 150
(227:45 / Allies) fineX.: dust is like 50
(227:49 / Allies) fineX.: circlets are like 75
(227:54 / Allies) fineX.: prot. is like 150
(227:57 / Allies) VELOX_NEB: they're all 50% sellback right?
(228:04 / Allies) fineX.: little less iirc
(228:22 / Allies) VELOX_NEB: bah
(228:32 / All) De]s[ertRo]s[e: to close
(228:56 / Allies) fineX.: haha i whispered wachepti HOUR FOUR SINCE YOU LEFT US and he says omg
(229:02 / Allies) fineX.: i did not leave of my own violition
(229:04 / All) De]s[ertRo]s[e: why do you even do that
(229:06 / Allies) fineX.: what the fuck is vilition
(229:11 / All) De]s[ertRo]s[e: not like it matters
(229:17 / Allies) VELOX_NEB: volition
(229:19 / Allies) VELOX_NEB: will
(229:38 / Allies) VELOX_NEB: root is "vol" or some such
(229:42 / Allies) VELOX_NEB: like volunteer
(229:48 / Allies) fineX.: ah
(229:54 / Allies) fineX.: thank you for the english lesson velox
(229:59 / Allies) VELOX_NEB: np
(230:18 / Allies) fineX.: tell me about the word "schlong"
(230:28 / Allies) VELOX_NEB: yiddish
(230:34 / Allies) VELOX_NEB: means penis
(230:36 / Allies) VELOX_NEB: duh
(230:45 / Allies) fineX.: tell me about
(230:50 / Allies) VELOX_NEB: okay, now i'm seriously afk
(230:52 / Allies) fineX.: calloused
(230:53 / Allies) fineX.: ok
(230:54 / Allies) fineX.: me too
(230:57 / All) De]s[ertRo]s[e: now that my last chims gone.....
(231:01 / Allies) VELOX_NEB: don't know
(237:55 / Allies) fineX.: so velox
(238:00 / Allies) fineX.: what do you do for a living
(242:14 / Allies) VELOX_NEB: wow this guy is crazy
(243:57 / Allies) fineX.: lets just hope we don't break ??bear??'s record
(244:08 / Allies) VELOX_NEB: he'd never forgive us
(244:29 / Allies) VELOX_NEB: i'm just paranoid about him getting air
(245:34 / Allies) VELOX_NEB: i just don't see why he doesn't get them already
(246:04 / Allies) fineX.: so velox
(246:07 / Allies) fineX.: what do you do for a living
(246:19 / Allies) VELOX_NEB: i was a carpenter for a while
(246:27 / Allies) VELOX_NEB: now i'm pretty much unemployed
(246:34 / Allies) fineX.: how do you pay the bills sir
(246:44 / Allies) VELOX_NEB: recently unemployed
(246:51 / Allies) fineX.: ah why
(247:15 / Allies) VELOX_NEB: mortgage crisis + winter + boss who's too much of a nice guy to his clients
(247:24 / Allies) fineX.: oh, that sucks
(247:43 / Allies) VELOX_NEB: this guy is even crazier than we are
(247:52 / Allies) fineX.: yes he is
(248:06 / Allies) fineX.: while we're waiting u should go to derrickcomedy.com
(248:14 / Allies) fineX.: videos -> jerry that is the funniest shit ever
(248:26 / Allies) VELOX_NEB: eh, i think ima head to the bar soon
(248:31 / Allies) fineX.: ok
(248:45 / Allies) fineX.: im afraid im gonna get disconnected though
(248:48 / Allies) fineX.: spiking really bad
(248:56 / Allies) VELOX_NEB: well i should be okay
(249:03 / Allies) VELOX_NEB: depends
(249:07 / Allies) VELOX_NEB: it's all chance now
(249:11 / Allies) fineX.: youlive alone velox?
(249:16 / Allies) VELOX_NEB: yep
(249:26 / Allies) fineX.: :< how sad well at least noone to fuck with your computer
(249:35 / Allies) fineX.: and no scat fetishists to fuck with your shit
(249:42 / Allies) VELOX_NEB: i think it's fucking beautiful myself
(256:52 / All) De]s[ertRo]s[e: dude your being a little bitch
(257:03 / All) De]s[ertRo]s[e: if anyone won legitimatly its us
(257:19 / All) fineX.: this is legit
(257:26 / All) De]s[ertRo]s[e: ahahah far from it man
(257:29 / All) De]s[ertRo]s[e: seriously
(257:30 / All) fineX.: or it would be bannable and i would have been banned many times
(258:27 / All) De]s[ertRo]s[e: you guys are fuckgin fags for doing this shit
(260:57 / All) fineX.: why dont you leave then, its only one loss!!
(266:17 / All) De]s[ertRo]s[e: hm you guys are still here, thats nice
(266:22 / All) De]s[ertRo]s[e: ill ttyl
(267:07 / All) fineX.: look in the hcat log i answered your questions
(306:54 / All) De]s[ertRo]s[e: sup man
(1613:10 / All) VELOX_NEB: hey you persistent fuck